 Dungeon Crawl Stone Soup version 0.27.1-34-g3ba077fa99 (webtiles) character file.

Game seed: 8752983883335460249

97 multipassport the Skirmisher (level 4, 0/40 HPs)
             Began as a Draconian Monk on Jan 15, 2022.
             Succumbed to an adder's poison
             ... on level 3 of the Dungeon.
             The game lasted 00:08:18 (2449 turns).

multipassport the Skirmisher (Draconian Monk)       Turns: 2449, Time: 00:08:19

Health: 0/40       AC:  7    Str: 14    XL:     4   Next: 42%
Magic:  4/4        EV: 13    Int: 10    God:
Gold:   85         SH:  0    Dex: 14    Spells: 3/3 levels left

rFire    . . .     SeeInvis .     - Unarmed
rCold    . . .     Faith    .   (no shield)
rNeg     . . .     Spirit   .   (armour unavailable)
rPois    .         Reflect  .   (helmet restricted)
rElec    .         Harm     .   (no cloak)
rCorr    .         Rampage  .   h - +0 pair of gloves
Will     .....                  e - +0 pair of boots
Stlth    ++........             (no amulet)
HPRegen  0.13/turn              (no ring)
MPRegen  0.09/turn              (no ring)

@: lethally poisoned (0 -> -9)
A: AC +5, unfitting armour, cold-blooded
a: no special abilities


You were on level 3 of the Dungeon.
You visited 1 branch of the dungeon, and saw 4 of its levels.

You collected 85 gold pieces.

Inventory:

Hand Weapons
 i - a +5 hunting sling
Missiles
 j - 39 stones (quivered)
Armour
 e - a +0 pair of boots (worn)
 h - a +0 pair of gloves (worn)
Jewellery
 m - a ring of magical power
Scrolls
 a - 5 scrolls of identify {unknown}
 f - a scroll of amnesia {unknown}
 g - 2 scrolls of enchant armour {unknown}
 l - a scroll of noise {unknown}
 n - a scroll of holy word {unknown}
 o - a scroll of blinking {unknown}
Potions
 b - a potion of berserk rage {unknown}
 c - a potion of degeneration {unknown}
 d - a potion of cancellation {unknown}
 k - 2 potions of might {unknown}


   Skills:
 + Level 4.0 Fighting
 + Level 3.3 Dodging
 + Level 2.7 Stealth
 + Level 3.6 Unarmed Combat


You had 3 spell levels left.
You didn't know any spells.
Your spell library was empty.

Dungeon Overview and Level Annotations

Branches:
Dungeon (4/15)
 Temple: D:4-7

Altars:
Yredelemnul
The Shining One


Innate Abilities, Weirdness & Mutations

Your plain brown scales are hard. (AC +5)
You cannot fit into any form of body armour.
You are cold-blooded and may be slowed by cold attacks.


Message History

You feel sick. The adder closely misses you. The hobgoblin misses you.
The adder bites you.
You climb upwards.
You feel sick.
There is a stone staircase leading down here.
You miss the adder.
Your tail-slap misses the adder.
The adder is heavily wounded.
You feel sick. The hobgoblin closely misses you.
The adder bites you but does no damage.
You barely miss the adder. You punch the adder.
The adder is almost dead.
You feel sick.
You are no longer poisoned.
The hobgoblin closely misses you. The adder closely misses you.
You barely miss the adder.
You tail-slap the adder, but do no damage.
The adder is almost dead.
The adder bites you.
You are poisoned.
The adder poisons you! The hobgoblin hits you.
* * * LOW HITPOINT WARNING * * *
You barely miss the adder.
The adder is almost dead.
You feel sick. The adder closely misses you.
The hobgoblin hits you but does no damage.
You closely miss the adder.
The adder is almost dead.
You feel sick. The adder bites you but does no damage.
The hobgoblin closely misses you. The adder bites you.
* * * LOW HITPOINT WARNING * * *
You miss the adder.
Your tail-slap misses the adder.
The adder is almost dead.
You feel sick. The hobgoblin hits you.
* * * LOW HITPOINT WARNING * * *
The adder bites you.
* * * LOW HITPOINT WARNING * * *
You are more poisoned.
The adder poisons you!
You barely miss the adder.
The adder is almost dead.
You die...

.###.........# .#
#####.....######
^#######..........#
.###A###..........##
.#######...........###
.##○.°####....##.....## .##._.#
##....####...#### .##☼.☼#
##.#..S##......#### .##...#
#.###@######.....##### .##☼.○#
#..##g### #..##...... .##.(.#
##.##...# ##..#####.. .###'###
#..###.######.### #.. .#.....###
##.........##...###.. .........#
####....#...##......
##.....#.######..................
###†###......#.###.........##...
#...##...........###....#....#.


You could see an adder and a hobgoblin.

Vanquished Creatures
  2 adders
  4 worms
  2 dart slugs (D:1)
  An orc (D:3)
  8 endoplasms
  4 goblins
  4 hobgoblins
  4 jackals (D:1)
  7 kobolds
  4 quokkas
  6 ball pythons
  3 bats
  5 frilled lizards
  2 rats
  A spectral goblin (D:3)
57 creatures vanquished.

Notes
Turn   | Place    | Note
-------+----------+-------------------------------------------
     0 | D:1      | multipassport the Draconian Monk began the quest for the
                  | Orb.
     0 | D:1      | Reached XP level 1. HP: 19/19 MP: 1/1
   316 | D:1      | Reached XP level 2. HP: 24/26 MP: 2/2
   550 | D:1      | Reached XP level 3. HP: 24/31 MP: 3/3
  1743 | D:2      | Reached XP level 4. HP: 36/40 MP: 4/4
  1996 | D:3      | Found a faded altar of an unknown god.
  2366 | D:3      | Found a basalt altar of Yredelemnul.
  2368 | D:3      | Noticed a profane servitor
  2383 | D:3      | Found a glowing golden altar of the Shining One.
  2387 | D:3      | Reached skill level 4 in Fighting
  2388 | D:3      | Noticed an angel
  2448 | D:3      | HP: 2/40 [adder (1)]
  2449 | D:3      | Succumbed to an adder's poison

Illustrated notes

Levels and vault maps discovered:
D:1:      pf_arrival_petrified_forest, layout_loops_ring
D:2:      layout_loops_ring
D:3:      layout_rooms, grunt_temple_overflow_holy_war,
          dreamdust_ecumenical_altar_drowned_temple
D:4:      layout_rooms

Skill      XL: |  1  2  3  4 |
---------------+-------------+-----
Stealth        | 2 |  2.7
Dodging        | 3 |  3.3
Fighting       | 4 |  4.0
Unarmed Combat | |  3.6

Action                   |  1- 3 |  4- 6 || total
-------------------------+-------+-------++-------
Melee: Unarmed           |   144 |    63 ||   207
       Tailslap          |    21 |    12 ||    33
       Punch             |     2 |     3 ||     5
 Stab: Sleeping          |    12 |       ||    12
Armor: Skin              |    27 |    21 ||    48
Dodge: Dodged            |    65 |    40 ||   105
